 Dungeon Sprint DCSS version 0.26.1-11-gd32895ea62 (webtiles) character file.

Game seed: 9189147042080797484

294 Zeld the Geomancer (level 6, -7/39 HPs)
             Began as a Gargoyle Earth Elementalist on June 16, 2021.
             Was an Initiate of Sif Muna.
             Mangled by a yak (11 damage)
             ... in the Dungeon (Sprint I: "Red Sonja").
             The game lasted 00:01:15 (872 turns).

Zeld the Geomancer (Gargoyle Earth Elementalist)     Turns: 872, Time: 00:01:16

Health: -7/39      AC:  6    Str: 12    XL:     6   Next: 34%
Magic:  1/15       EV: 13    Int: 17    God:    Sif Muna [......]
Gold:   365        SH:  0    Dex: 10    Spells: 2/17 levels left

rFire    . . .     SeeInvis .   (no weapon)
rCold    . . .     Faith    .   (no shield)
rNeg     + . .     Spirit   .   c - +0 robe
rPois    ∞         Reflect  .   (no helmet)
rElec    +         Harm     .   (no cloak)
rCorr    .         Rampage  .   (no gloves)
Will     .....     NoTele   +   (no boots)
Stlth    +++.......             (no amulet)
HPRegen  0.13/turn              (no ring)
MPRegen  0.14/turn              (no ring)

@: no status effects
A: negative energy resistance 1, electricity resistance, unbreathing,
petrification resistance, miasma immunity, AC +4
a: Renounce Religion


You were in the Dungeon.
You worshipped Sif Muna.
Sif Muna was noncommittal.
You visited 1 branch You collected 365 gold pieces.

Inventory:

Missiles
 b - 21 stones (quivered)
Armour
 c - a +0 robe (worn)
Scrolls
 i - a scroll of blinking
Potions
 d - a potion of curing
 e - a potion of heal wounds
 f - a potion of haste
 g - 2 potions of magic


   Skills:
 + Level 4.7 Fighting
 + Level 4.1 Dodging
 - Level 5.0 Stealth
 * Level 6.3 Spellcasting
 + Level 4.6 Conjurations
 - Level 1.0 Transmutations
 * Level 8.8 Earth Magic


You had 2 spell levels left.
You knew the following spells:

 Your Spells              Type           Power        Failure   Level
a - Sandblast             Erth           70%          1%          1
b - Passwall              Tmut/Erth      18%          2%          2
c - Stone Arrow           Conj/Erth      56%          2%          3
d - Petrify               Tmut/Erth      22%          17%         4
e - Lee's Rapid Deconstr  Erth           17%          10%         5

Your spell library contained the following spells:

 Spells                   Type           Power        Failure   Level


Dungeon Overview and Level Annotations

Branches:
Dungeon (1/1)

Altars:
Cheibriados
Dithmenos
Elyvilon
Fedhas
Hepliaklqana
Kikubaaqudgha
Okawaru
Qazlal
Ru
Sif Muna
Trog
Uskayaw
Vehumet
Wu Jian
Yredelemnul
Zin
The Shining One

Shops:
D !


Innate Abilities, Weirdness & Mutations

You are resistant to torment.
Your stone body is resilient. (AC +4)
You are immune to poison.
You resist negative energy. (rN+)
You are resistant to electric shocks. (rElec)
You can survive without breathing.
You are immune to petrification.
You are immune to miasma.


Message History

Casting: Stone Arrow (dangerous; 2% risk of failure)
Confirm with . or Enter, or press ? or * to list all spells.
You don't have enough magic to cast that spell.
Casting: Stone Arrow (dangerous; 2% risk of failure)
Confirm with . or Enter, or press ? or * to list all spells.
You don't have enough magic to cast that spell.
Unknown command.
Casting: Stone Arrow (dangerous; 2% risk of failure)
Confirm with . or Enter, or press ? or * to list all spells.
You don't have enough magic to cast that spell.
Casting: Stone Arrow (dangerous; 2% risk of failure)
Confirm with . or Enter, or press ? or * to list all spells.
You don't have enough magic to cast that spell.
The yak gores you!
* * * LOW HITPOINT WARNING * * *
There is an ornate altar of the Wu Jian Council here.
The yak gores you.
* * * LOW HITPOINT WARNING * * *
The yak gores you!
You die...

################
#<.#..)..#..'..#
#..)).#..'..#..+
#..#####'#####'#
#..# #..#...#)#
#..#__####..##[#
#..#_____##'#@.+
#⌠⌠#_.∩...'.Y._#
####_..__##_.#'#
#..#___ ##+#.#
##### ###


You could see a yak.

Vanquished Creatures
  Sigmund (D)
  An ogre (D)
  A jelly (D)
  Ijyb (D)
4 creatures vanquished.

Vanquished Creatures (others)
  A gargoyle (D)
1 creature vanquished.

Grand Total: 5 creatures vanquished

Notes
Turn   | Place    | Note
-------+----------+-------------------------------------------
     0 | D        | Zeld the Gargoyle Earth Elementalist began the quest for
                  | the Orb.
     0 | D        | Reached XP level 1. HP: 10/10 MP: 3/3
     2 | D        | Noticed Ijyb
    18 | D        | Killed Ijyb
    19 | D        | Reached skill level 1 in Transmutations
    19 | D        | Reached skill level 5 in Earth Magic
    19 | D        | Reached XP level 2. HP: 17/17 MP: 1/6
    19 | D        | Reached XP level 3. HP: 21/21 MP: 1/7
   175 | D        | Learned a level 2 spell: Passwall
   179 | D        | Learned a level 3 spell: Stone Arrow
   308 | D        | Killed a gargoyle
   414 | D        | Noticed an ogre
   417 | D        | Killed an ogre
   418 | D        | Reached skill level 6 in Earth Magic
   418 | D        | Reached XP level 4. HP: 28/28 MP: 5/10
   423 | D        | Learned a level 4 spell: Petrify
   509 | D        | Noticed Sigmund
   623 | D        | Killed Sigmund
   624 | D        | Reached skill level 5 in Stealth
   624 | D        | Reached skill level 8 in Earth Magic
   624 | D        | Reached XP level 5. HP: 34/34 MP: 7/13
   624 | D        | Reached XP level 6. HP: 39/39 MP: 8/15
   632 | D        | Learned a level 5 spell: Lee's Rapid Deconstruction
   747 | D        | Found an ornate altar of the Wu Jian Council.
   747 | D        | Found a shimmering blue altar of Sif Muna.
   749 | D        | Found a radiant altar of Vehumet.
   766 | D        | Became a worshipper of Sif Muna the Loreminder
   862 | D        | Found Lops's Distillery.
   862 | D        | Found an ancient bone altar of Kikubaaqudgha.
   862 | D        | Found a hazy altar of Hepliaklqana.
   862 | D        | Found a stormy altar of Qazlal.
   862 | D        | Found a hide-covered altar of Uskayaw.
   862 | D        | Found a blossoming altar of Fedhas.
   862 | D        | Found a bloodstained altar of Trog.
   862 | D        | Found an iron altar of Okawaru.
   862 | D        | Found a basalt altar of Yredelemnul.
   862 | D        | Found a glowing golden altar of the Shining One.
   862 | D        | Found a snail-covered altar of Cheibriados.
   862 | D        | Found a sacrificial altar of Ru.
   862 | D        | Found a glowing silver altar of Zin.
   862 | D        | Found a shadowy altar of Dithmenos.
   862 | D        | Found a white marble altar of Elyvilon.
   862 | D        | Noticed a yak
   872 | D        | Mangled by a yak

Illustrated notes

Levels and vault maps discovered:
D:        dungeon_sprint_1 [red_sonja_temple_1, red_sonja_temple_small_1]

Skill      XL: |  1  2  3  4  5  6 |
---------------+-------------------+-----
Fighting       | 2 3 4 |  4.7
Dodging        | 2 3 4 |  4.1
Stealth        | 3 4 5 |  5.0
Spellcasting   | 3 4 6 |  6.3
Transmutations | 1 |  1.0
Earth Magic    | 5 6 8 |  8.8
Conjurations   | 2 4 |  4.6

Action                   |  1- 3 |  4- 6 || total
-------------------------+-------+-------++-------
Melee: Unarmed           |    12 |       ||    12
 Cast: Sandblast         |     5 |     4 ||     9
       Passwall          |     2 |     2 ||     4
       Stone Arrow       |       |     5 ||     5
  Use: Potion            |     1 |       ||     1
Armor: Robe              |       |     1 ||     1
Dodge: Dodged            |     6 |     6 ||    12
